 Dungeon Crawl Stone Soup version 0.27.1 (webtiles) character file.

Game seed: 5645044741220978595

119 acemry the Conjurer (level 4, -7/24 HPs)
             Began as a Deep Elf Conjurer on Sept 3, 2021.
             Mangled by Crazy Yiuf (8 damage)
             ... on level 3 of the Dungeon.
             The game lasted 00:04:55 (2992 turns).

acemry the Conjurer (Deep Elf Conjurer)             Turns: 2992, Time: 00:04:57

Health: -7/24      AC:  3    Str:  4    XL:     4   Next: 74%
Magic:  0/10       EV: 12    Int: 24    God:
Gold:   95         SH:  0    Dex: 13    Spells: 6/9 levels left

rFire    . . .     SeeInvis .   f - +0 short sword (freeze)
rCold    . . .     Faith    .   (no shield)
rNeg     . . .     Spirit   .   a - +0 robe
rPois    +         Reflect  .   (no helmet)
rElec    .         Harm     .   (no cloak)
rCorr    .         Rampage  .   n - +0 pair of gloves
Will     .....                  (no boots)
Stlth    ++........             (no amulet)
HPRegen  0.08/turn              e - ring of poison resistance
MPRegen  0.12/turn              (no ring)

@: no status effects
A: no striking features
a: no special abilities


You were on level 3 of the Dungeon.
You visited 1 branch of the dungeon, and saw 3 of its levels.

You collected 95 gold pieces.

Inventory:

Hand Weapons
 d - a +0 short sword
 f - a +0 short sword of freezing (weapon)
Missiles
 j - 34 poisoned darts
 k - a throwing net
Armour
 a - a +0 robe (worn)
 n - a +0 pair of gloves (worn)
Magical Staves
 l - a staff of earth
Jewellery
 e - a ring of poison resistance (left hand)
Wands
 m - a wand of flame (10)
Scrolls
 b - a scroll of torment {unknown}
 h - 2 scrolls of teleportation {unknown}
 i - a scroll of identify {unknown}
 o - a scroll of fog {unknown}
Potions
 c - 4 potions of curing {unknown}
 g - 2 potions of brilliance {unknown}


   Skills:
 - Level 2.4 Dodging
 - Level 2.4 Stealth
 - Level 3.0 Spellcasting
 + Level 6.7 Conjurations


You had 6 spell levels left.
You knew the following spells:

 Your Spells              Type           Power      Damage    Failure   Level
a - Magic Dart            Conj           100%       1d8       1%          1
b - Searing Ray           Conj           72%        3d6       1%          2

Your spell library contained the following spells:

 Spells                   Type           Power      Damage    Failure   Level
 Dazzling Flash           Conj/Hex       38%        N/A       9%          3
 Fulminant Prism          Conj/Hex       9%         3d7       26%         4
 Iskenderun's Mystic Bla  Conj/Tloc      19%        2d6       26%         4


Dungeon Overview and Level Annotations

Branches:
Dungeon (3/15)

Altars:

Shops:
D:1 !

Annotations:
D:3 Crazy Yiuf


Message History

You continue putting on your +0 pair of gloves. x4
You finish putting on your +0 pair of gloves.
You see here a +0 club.
You see here a +0 club.
Found a scroll labelled LYNU TU CIRPH.
o - a scroll labelled LYNU TU CIRPH You see here a +0 mace.
You see here a +0 mace.
You see here a +0 mace.
You open the door.
Crazy Yiuf laughs, "Island pontify turtle!"
Casting: Magic Dart (safe; 1% risk of failure)
Confirm with . or Enter, or press ? or * to list all spells.
Aiming: Searing Ray (safe; 1% risk of failure)
Press: ? - help, Shift-Dir - straight line, f - Crazy Yiuf
Aim: Crazy Yiuf, wielding a +2 quarterstaff of chaos, wearing a +0 cloak and carrying a wand of flame (16) (83% to hit)
The searing ray hits Crazy Yiuf.
Crazy Yiuf is moderately wounded. (Press . to maintain the ray.) Crazy Yiuf hits you with a +2 quarterstaff of chaos!
The searing ray misses Crazy Yiuf.
Crazy Yiuf closely misses you.
The searing ray hits Crazy Yiuf!
Crazy Yiuf is severely wounded.
Crazy Yiuf hits you with a +2 quarterstaff of chaos!
Ouch! That really hurt!
* * * LOW HITPOINT WARNING * * *
You feel your power leaking away.
Without enough magic to sustain it, your searing ray dissipates.
Crazy Yiuf screams, "Defame!
Shadow mumblescurry shoe."
Crazy Yiuf zaps a wand.
The puff of flame misses you.
Casting: Searing Ray (safe; 1% risk of failure)
Confirm with . or Enter, or press ? or * to list all spells.
You don't have enough magic to cast this spell.
Aiming: Throw Flame
Press: ? - help, Shift-Dir - straight line, f/p - Crazy Yiuf
Aim: Crazy Yiuf, wielding a +2 quarterstaff of chaos, wearing a +0 cloak and carrying a wand of flame (15) (severely wounded, 72% to hit)
The puff of flame hits Crazy Yiuf.
Crazy Yiuf is almost dead.
Crazy Yiuf hits you with a +2 quarterstaff of chaos!
You die...

###
#######################.######
#.....)...............#.......
#.#####################.######
#.#...# #.# #.#.### ########.#
#.#.#.# ### ###.#....#.######
#.#.#.# #...##))#)............
#.#...# #..)g@####......######
#.###.# #)))### ##....##
####.###.# ### ###### .........#
######### .###...>.# #........
...####..########################
##.# #..........'...............
#.# ##.#...#####.....#.#.......
#.# #.#...# #.....#.+.......


You could see Crazy Yiuf.

Vanquished Creatures
  4 gnolls (D:2)
  2 adders (D:2)
  A worm (D:3)
  4 dart slugs
  3 endoplasms
  3 giant cockroaches
  4 goblins
  4 hobgoblins
  7 kobolds
  3 quokkas
  5 ball pythons (D:1)
  5 bats
  5 frilled lizards
  6 rats
56 creatures vanquished.

Notes
Turn   | Place    | Note
-------+----------+-------------------------------------------
     0 | D:1      | acemry the Deep Elf Conjurer began the quest for the Orb.
     0 | D:1      | Reached XP level 1. HP: 10/10 MP: 6/6
   236 | D:1      | Reached XP level 2. HP: 15/15 MP: 4/8
   319 | D:1      | Reached skill level 5 in Conjurations
   533 | D:1      | Found Uwkoku's Distillery.
   906 | D:2      | Learned a level 2 spell: Searing Ray
   941 | D:2      | Reached XP level 3. HP: 19/19 MP: 5/9
  1466 | D:2      | Reached skill level 6 in Conjurations
  1468 | D:2      | Reached XP level 4. HP: 24/24 MP: 5/10
  2251 | D:3      | Found a runed translucent door.
  2252 | D:3      | Noticed Crazy Yiuf
  2990 | D:3      | HP: 1/24 [Crazy Yiuf (14)]
  2992 | D:3      | Mangled by Crazy Yiuf

Illustrated notes

Levels and vault maps discovered:
D:1:      nzn_arrival_crosshair, layout_rooms, serial_shops,
          nicolae_shop_waterfront
D:2:      layout_loops_cross
D:3:      layout_basic, kennysheep_crisscross, uniq_crazy_yiuf_cottage

Skill      XL: |  1  2  3 |
---------------+----------+-----
Conjurations   | 5 6 |  6.7
Dodging        | |  2.4
Stealth        | |  2.4
Spellcasting   | |  3.0

Action                   |  1- 3 |  4- 6 || total
-------------------------+-------+-------++-------
Throw: Dart              |     1 |       ||     1
 Cast: Magic Dart        |    62 |    41 ||   103
       Searing Ray       |     2 |     2 ||     4
Evoke: Wand              |       |     1 ||     1
Dodge: Dodged            |       |     2 ||     2
